 Dungeon Crawl Stone Soup version 0.28-a0-1524-ge72afd5fc6 (webtiles) character file.

Game seed: 164533846003346285

23 issech the Vexing (level 2, -1/16 HPs)
             Began as a Deep Elf Arcane Marksman on Jan 17, 2022.
             Slain by a hobgoblin (3 damage)
             ... on level 1 of the Dungeon.
             The game lasted 00:02:51 (548 turns).

issech the Vexing (Deep Elf Arcane Marksman)         Turns: 548, Time: 00:02:52

Health: -1/16      AC:  9    Str:  7    XL:     2   Next: 72%
Magic:  6/6        EV: 12    Int: 17    God:
Gold:   0          SH:  0    Dex: 15    Spells: 3/4 levels left

rFire   . . .      SeeInvis .   b - +0 short sword (protect)
rCold   . . .      Faith    .   (no shield)
rNeg    . . .      Spirit   .   d - +0 robe
rPois   .          Reflect  .   (no helmet)
rElec   .          Harm     .   (no cloak)
rCorr   .          Rampage  .   (no gloves)
Will    .....                   (no boots)
Stlth   +.........              (no amulet)
HPRegen 0.05/turn               (no ring)
MPRegen 0.10/turn               (no ring)

@: under a protective aura
A: no striking features
a: no special abilities


You were on level 1 of the Dungeon.
You visited 1 branch of the dungeon, and saw 1 of its levels.

Inventory:

Hand Weapons
 a - a +0 shortbow
 b - a +0 short sword of protection (weapon)
Missiles
 c - 14 arrows
 e - 9 bolts
 f - 2 stones
Armour
 d - a +0 robe (worn)
Potions
 g - a potion of degeneration {unknown}


   Skills:
 + Level 1.0 Fighting
 + Level 0.2 Short Blades
 + Level 3.0 Bows
 + Level 2.6 Dodging
 + Level 1.5 Spellcasting
 + Level 4.9 Hexes


You had 3 spell levels left.
You knew the following spells:

 Your Spells              Type           Power      Damage    Failure   Level
a - Slow                  Hex            72%        N/A       2%          1

Your spell library contained the following spells:

 Spells                   Type           Power      Damage    Failure   Level
 Inner Flame              Hex/Fire       9%         N/A       22%         3
 Portal Projectile        Hex/Tloc       18%        N/A       22%         3
 Cause Fear               Hex            9%         N/A       26%         4


Dungeon Overview and Level Annotations

Branches:
Dungeon (1/15)

Altars:


Message History

The giant cockroach is moderately wounded.
The giant cockroach bites you but does no damage.
The giant cockroach barely misses you.
You barely miss the giant cockroach.
The giant cockroach is moderately wounded.
The giant cockroach bites you but does no damage.
You hit the giant cockroach but do no damage.
The giant cockroach is moderately wounded.
The giant cockroach bites you but does no damage.
You closely miss the giant cockroach.
The giant cockroach is moderately wounded.
The giant cockroach bites you but does no damage.
You closely miss the giant cockroach.
The giant cockroach is moderately wounded.
The giant cockroach closely misses you. The giant cockroach barely misses you.
You closely miss the giant cockroach.
You punch the giant cockroach, but do no damage.
The giant cockroach is moderately wounded.
The giant cockroach bites you.
* * * LOW HITPOINT WARNING * * *
You hit the giant cockroach.
The giant cockroach is severely wounded.
The giant cockroach closely misses you.
You barely miss the giant cockroach.
You punch the giant cockroach, but do no damage.
The giant cockroach is severely wounded.
The giant cockroach closely misses you. The giant cockroach barely misses you.
You hit the giant cockroach.
You kill the giant cockroach!
You barely miss the hobgoblin. The hobgoblin barely misses you.
You hit the hobgoblin.
The hobgoblin is moderately wounded.
The hobgoblin barely misses you.
You barely miss the hobgoblin.
The hobgoblin is moderately wounded.
The hobgoblin hits you but does no damage.
You barely miss the hobgoblin.
The hobgoblin is moderately wounded.
The hobgoblin hits you.
You die...

....(....# .h...(.#.#
#### .....#(# #...
##....# #... #..#(.#
#... ######(....##
#... ............#
#... ....###†###g#
#..# ## ♣.♣ #@# #..#
###♣♣.♣♣#.# #..# #
#.........# #..#
###.####.#♣♣.♣♣###
#..# .........# ♣.♣
#... ###.##.### #.#
### #... #.# ..#
###.###... #.###
.##.#########.........
#...# .
#..................


You could see a hobgoblin.

Vanquished Creatures
  A bat (D:1)
  7 endoplasms (D:1)
  2 giant cockroaches (D:1)
  A hobgoblin (D:1)
  3 jackals (D:1)
  A ball python (D:1)
  A frilled lizard (D:1)
  2 kobolds (D:1)
  A rat (D:1)
19 creatures vanquished.

Notes
Turn   | Place    | Note
-------+----------+-------------------------------------------
     0 | D:1      | issech the Deep Elf Arcane Marksman began the quest for the
                  | Orb.
     0 | D:1      | Reached XP level 1. HP: 11/11 MP: 5/5
   409 | D:1      | Reached skill level 1 in Fighting
   418 | D:1      | Reached XP level 2. HP: 16/16 MP: 6/6
   548 | D:1      | Slain by a hobgoblin

Illustrated notes

Levels and vault maps discovered:
D:1:      wander_arrival_estate, layout_loops_ring, st_stairs_12,
          minmay_tree_intersection, minmay_misc_feat_hallway, minmay_tripent

Skill      XL: |  1  2 |
---------------+-------+-----
Fighting       | 1 |  1.0
Bows           | 3 |  3.0
Short Blades   | |  0.2
Dodging        | |  2.6
Spellcasting   | |  1.5
Hexes          | |  4.9

Action                   || total
-------------------------++-------
Melee: Short sword       ||    53
       Punch             ||     3
 Fire: Shortbow          ||    24
Armor: Robe              ||    25
Dodge: Dodged            ||    30

Table legend: (Time is in decaauts)
 A = Elapsed time spent in this place.
 B = Non-inter-level travel time spent in this place.
 C = Inter-level travel time spent in this place.
 D = Time resting spent in this place.
 E = Time spent auto-exploring this place.
 F = Levels seen in this place.
 G = Mean time per level.
                   A        B        C        D        E       F      G
               +--------+--------+--------+--------+--------+-----+--------+
         Total |    554 |    554 |      0 |    263 |     67 |   1 |  554.0 |
       Dungeon |    554 |    554 |      0 |    263 |     67 |   1 |  554.0 |
               +--------+--------+--------+--------+--------+-----+--------+

Top non-repeatable levels by time:
     D:1: 554 daAuts
